 Dungeon Sprint DCSS version 0.31-a0-704-g1016066182 (webtiles) character file.

Game seed: 10549687094378453997

9034 Conn the Thaumaturge (level 11, -1/72 HPs)
             Began as an Octopode Fire Elementalist on Sept 9, 2023.
             Was a High Priest of Sif Muna.
             Slain by a demonic crawler (14 damage)
             ... in the Dungeon (Sprint I: "Red Sonja").
             The game lasted 00:21:42 (2128 turns).

Conn the Thaumaturge (Octopode Fire Elementalist)   Turns: 2128, Time: 00:21:42

Health: -1/72      AC:  1    Str:  8    XL:     11   Next: 40%
Magic:  0/29       EV: 15    Int: 25    God:    Sif Muna [*****.]
Gold:   498        SH:  0    Dex: 13    Spells: 4/39 levels left

rFire   . . .        r - +11 mace "Xeuhatz" {flame, Int+4}
rCold   + . .        l - orb of Xivo {guile, rC+}
rNeg    . . .        (helmet restricted)
rPois   .            (no amulet)
rElec   .            (no ring)
rCorr   .            (no ring)
SInv    .            (no ring)
Will    .....        (no ring)
Stlth   ++++         (no ring)
HPRegen 0.32/turn    (no ring)
MPRegen 0.21/turn    (no ring)
                     (no ring)

%: no teleportation
@: freezing walls, hasted, very quick
A: almost no armour, amphibious, 8 rings, camouflage 1, gelatinous body 1,
(nimble swimmer 1), tentacles
a: Renounce Religion, Channel Magic, Forget Spell, Divine Exegesis


You were in the Dungeon.
You worshipped Sif Muna.
Sif Muna was extremely pleased with you.
You visited 1 branch You collected 1575 gold pieces.
You spent 1077 gold pieces at shops.

Inventory:

Hand Weapons
 g - a +0 scythe
 i - a +0 dagger of distortion
 r - the +11 mace "Xeuhatz" (weapon) {flame, Int+4}
   (You bought it in a shop in the Dungeon)

   Int+4:     It affects your intelligence (+4).
Missiles
 h - a curare-tipped dart (quivered)
Armour
 l - the orb of Xivo (worn) {guile, rC+}
   (You bought it in a shop in the Dungeon)

   rC+:       It protects you from cold.
 s - the +0 buckler of Pafot {rN+ Str+4}
   (You bought it in a shop in the Dungeon)

   Str+4:     It affects your strength (+4).
   rN+:       It protects you from negative energy.
Wands
 e - a wand of flame (13)
 q - a wand of quicksilver (6)
Scrolls
 f - a scroll of blinking
 m - 2 scrolls of identify {unknown}
 n - a scroll of butterflies
 o - a scroll of fear
 p - a scroll of revelation {unknown}
Potions
 a - 3 potions of magic
 b - 4 potions of curing
 c - a potion of heal wounds
 j - a potion of berserk rage
 k - a potion of lignification {unknown}


   Skills:
 * Level 6.0 Fighting
 - Level 0.1 Short Blades
 - Level 1.2 Throwing
 - Level 5.9 Dodging
 - Level 6.0 Stealth
 - Level 14.8 Spellcasting
 - Level 9.7 Conjurations
 - Level 3.0 Hexes
 - Level 3.0 Summonings
 - Level 14.3 Fire Magic
 - Level 4.1 Ice Magic
 - Level 5.0 Air Magic
 - Level 3.0 Poison Magic
 - Level 9.7 Invocations


You had 4 spell levels left.
You knew the following spells:

 Your Spells              Type           Power      Damage    Failure   Level
a - Foxfire               Conj/Fire      100%       2x1d9     1%          1
b - Scorch                Fire           100%       2d9       0%          2
c - Inner Flame           Hex/Fire       58%        N/A       1%          3
d - Flame Wave            Conj/Fire      68%        2d15      1%          4
e - Mephitic Cloud        Conj/Pois/Air  48%        N/A       1%          3
f - Call Imp              Summ           66%        N/A       1%          2
g - Magic Dart            Conj           100%       1d8       1%          1
h - Summon Lightning Spi  Summ/Air       38%        N/A       6%          4
i - Frozen Ramparts       Ice            78%        1d12      1%          3
j - Freezing Cloud        Conj/Ice/Air   24%        6-21      6%          5
k - Sticky Flame          Conj/Fire      68%        2d8       1%          4
l - Hailstorm             Conj/Ice       52%        3d12      1%          3

Your spell library contained the following spells:

 Spells                   Type           Power      Damage    Failure   Level
 Freeze                   Ice            100%       1d10      1%          1
 Ensorcelled Hibernation  Hex/Ice        72%        N/A       1%          2
 Volatile Blastmotes      Fire/Tloc      100%       2d18      1%          3
 Alistair's Intoxication  Tmut/Pois      17%        N/A       41%         5
 Borgnjor's Vile Clutch   Necr/Erth      9%         N/A       63%         5
 Lehudib's Crystal Spear  Conj/Erth      21%        10d6      100%        8
 Shatter                  Erth           9%         3d11*     100%        9


Dungeon Overview and Level Annotations

Branches:
Dungeon (1/1)

Altars:
Cheibriados
Dithmenos
Elyvilon
Fedhas
Gozag
Hepliaklqana
Kikubaaqudgha
Makhleb
Nemelex Xobeh
Okawaru
Qazlal
Ru
Sif Muna
Trog
Uskayaw
Vehumet
Wu Jian
Xom
Yredelemnul
Zin
The Shining One
Jiyva
Lugonu

Shops:
D *?*:?*(?[*[(*![?((([*


Innate Abilities, Weirdness & Mutations

You cannot wear most types of armour.
You are amphibious.
You can wear up to eight rings at the same time.
Your skin changes colour to match your surroundings (Stealth+).
Your rubbery body absorbs attacks. (AC +1, EV +1)
((You are camouflaged when in or above water. (Stealth+)))
You have tentacles for arms and can constrict up to eight enemies at once.


Message History

Aiming: Sticky Flame (safe; 1% risk of failure)
Press: ? - help, Shift-Dir - straight line, f - demonic crawler
Aim: a demonic crawler (severely wounded)
Okay, then.
Unknown command.
Press: ? - help, v - describe, . - travel
Here: a demonic crawler (severely wounded)
The floor.
Unknown command.
Casting: Sticky Flame (safe; 1% risk of failure)
Confirm with . or Enter, or press ? or * to list all spells.
Casting: Flame Wave (safe; 1% risk of failure)
Press: ? - help, Dir - look around, f - activate A wave of flame ripples out!
You hear a sizzling sound!
The flame wave engulfs the demonic crawler!
The demonic crawler is severely wounded.
The flame wave engulfs the demonic crawler!!
The demonic crawler is almost dead. (Press . to intensify the flame waves.)
The demonic crawler hits you! The demonic crawler misses you.
The demonic crawler hits you!
Unknown command.
Unknown command.
A wave of flame ripples out!
The flame wave engulfs the demonic crawler!
The demonic crawler is almost dead.
The flame wave engulfs the demonic crawler!
The demonic crawler is almost dead.
The flame wave engulfs the demonic crawler!
The demonic crawler is almost dead.
You hear a sizzling sound!
The flame wave engulfs the demonic crawler!
The demonic crawler is severely wounded.
You hear a sizzling sound!
The wall freezes the demonic crawler but does no damage.
The demonic crawler hits you!
* * * LOW HITPOINT WARNING * * *
The demonic crawler closely misses you. The demonic crawler hits you!
You die...

####################
)..#..'..#__#..'@..#
#..[..#..'..'.)#sss##+#
##'#####'#__####.s.§§§#
#..#...#(####.§#####§.+
####..##§#)§§§§#..# ##
___##'#_.'~~§§§'..#
∩...'..§_#§§§..#..#
.__##_.#'##+#####'###
___###'#.#)(.(###.'.#


You could see 4 demonic crawlers.

Vanquished Creatures
  2 centaur warriors (D)
  Sonja (D)
  A deep troll (D)
  7 shining eyes (D)
  An oklob plant (D)
  2 kobold demonologists (D)
  2 unseen horrors (D)
  A hornet (D)
  Sigmund (D)
  A slime creature (D)
  A yak (D)
  2 redbacks (D)
  6 floating eyes (D)
  An ogre (D)
  7 necrophages (D)
  8 jellies (D)
  Ijyb (D)
  2 ballistomycete spores (D)
47 creatures vanquished.

Vanquished Creatures (collateral kills)
  A shining eye (D)
1 creature vanquished.

Vanquished Creatures (others)
  51 foxfires (D)
51 creatures vanquished.

Grand Total: 99 creatures vanquished

Notes
Turn   | Place    | Note
-------+----------+-------------------------------------------
     0 | D        | Conn the Octopode Fire Elementalist began the quest for the
                  | Orb.
     0 | D        | Reached XP level 1. HP: 11/11 MP: 3/3
     3 | D        | Noticed Ijyb
     8 | D        | Killed Ijyb
     9 | D        | Reached XP level 2. HP: 17/17 MP: 0/6
     9 | D        | Reached XP level 3. HP: 21/21 MP: 0/7
    20 | D        | Learned a level 2 spell: Scorch
    24 | D        | Learned a level 3 spell: Inner Flame
    67 | D        | Noticed an ogre
    73 | D        | Killed an ogre
    74 | D        | Reached skill level 5 in Spellcasting
    74 | D        | Reached XP level 4. HP: 27/27 MP: 1/11
   162 | D        | Noticed Sigmund
   168 | D        | Killed Sigmund
   169 | D        | Reached skill level 5 in Stealth
   169 | D        | Reached XP level 5. HP: 29/31 MP: 5/14
   169 | D        | Reached XP level 6. HP: 34/36 MP: 5/16
   250 | D        | Found a burning altar of Makhleb.
   250 | D        | Found a viscous altar of Jiyva.
   250 | D        | Found a shimmering altar of Xom.
   250 | D        | Found a corrupted altar of Lugonu.
   250 | D        | Noticed a slime creature
   255 | D        | Killed a slime creature
   256 | D        | Reached skill level 5 in Conjurations
   256 | D        | Reached XP level 7. HP: 41/41 MP: 10/18
   302 | D        | Found a shimmering blue altar of Sif Muna.
   303 | D        | Found an ornate altar of the Wu Jian Council.
   304 | D        | Found a radiant altar of Vehumet.
   308 | D        | Became a worshipper of Sif Muna the Loreminder
   365 | D        | Found Wynaisax's Book Emporium.
   365 | D        | Found an ancient bone altar of Kikubaaqudgha.
   365 | D        | Found a hazy altar of Hepliaklqana.
   365 | D        | Found a stormy altar of Qazlal.
   365 | D        | Found a hide-covered altar of Uskayaw.
   365 | D        | Found a blossoming altar of Fedhas.
   365 | D        | Found a bloodstained altar of Trog.
   365 | D        | Found an iron altar of Okawaru.
   365 | D        | Found a basalt altar of Yredelemnul.
   365 | D        | Found a glowing golden altar of the Shining One.
   365 | D        | Found a snail-covered altar of Cheibriados.
   365 | D        | Found a sacrificial altar of Ru.
   365 | D        | Found a glowing silver altar of Zin.
   365 | D        | Found a shadowy altar of Dithmenos.
   365 | D        | Found a white marble altar of Elyvilon.
   365 | D        | Noticed a yak
   373 | D        | Killed a yak
   377 | D        | Found an opulent altar of Gozag.
   378 | D        | Found a sparkling altar of Nemelex Xobeh.
   384 | D        | Bought a book of Minor Magic for 234 gold pieces
   390 | D        | Learned a level 4 spell: Flame Wave
   394 | D        | Learned a level 3 spell: Mephitic Cloud
   397 | D        | Learned a level 2 spell: Call Imp
   426 | D        | Noticed a kobold demonologist
   429 | D        | Noticed a kobold demonologist
   433 | D        | Reached * piety under Sif Muna
   434 | D        | Reached skill level 1 in Summonings
   434 | D        | Reached skill level 1 in Air Magic
   434 | D        | Reached skill level 1 in Poison Magic
   434 | D        | Reached skill level 1 in Invocations
   436 | D        | Killed a kobold demonologist
   437 | D        | Reached skill level 10 in Fire Magic
   437 | D        | Reached XP level 8. HP: 35/46 MP: 1/21
   443 | D        | Killed a kobold demonologist
   444 | D        | Reached skill level 10 in Spellcasting
   591 | D        | Noticed Sonja
   594 | D        | Killed Sonja
   594 | D        | Reached ** piety under Sif Muna
   595 | D        | Reached skill level 1 in Fighting
   595 | D        | Reached skill level 5 in Dodging
   595 | D        | Reached XP level 9. HP: 53/53 MP: 18/24
   652 | D        | Found Ukliawn's General Store.
   672 | D        | Noticed a deep troll
   683 | D        | Killed a deep troll
   684 | D        | Reached skill level 5 in Invocations
   696 | D        | Found Egiqi's Armour Emporium.
   703 | D        | Bought the orb of Xivo {guile, rC+} for 350 gold pieces
   782 | D        | Noticed a shining eye
   782 | D        | Noticed a shining eye
   782 | D        | Noticed a shining eye
   794 | D        | Killed a shining eye
   795 | D        | Reached skill level 1 in Hexes
   795 | D        | Reached skill level 5 in Air Magic
   795 | D        | Noticed a shining eye
   796 | D        | Killed a shining eye
   801 | D        | Noticed a shining eye
   802 | D        | Killed a shining eye
   802 | D        | Reached *** piety under Sif Muna
   803 | D        | Reached skill level 1 in Throwing
   803 | D        | Reached XP level 10. HP: 58/58 MP: 4/26
   804 | D        | Noticed a shining eye
   805 | D        | Killed a shining eye
   928 | D        | Learned a level 1 spell: Magic Dart
   941 | D        | Killed a shining eye
   941 | D        | Reached **** piety under Sif Muna
   975 | D        | Noticed a shining eye
   975 | D        | Noticed a shining eye
   982 | D        | Killed a shining eye
   983 | D        | Killed a shining eye
  1052 | D        | Paralysed by a floating eye for 3 turns
  1078 | D        | Reached ***** piety under Sif Muna
  1096 | D        | Killed a shining eye
  1096 | D        | Received a gift from Sif Muna
  1097 | D        | Got Sif Muna's Enchiridion on the Assistive Iceberg {god
                  | gift}
  1106 | D        | Learned a level 4 spell: Summon Lightning Spire
  1110 | D        | Learned a level 3 spell: Frozen Ramparts
  1151 | D        | Found Feocuo's Magic Scroll Shop.
  1151 | D        | Found Yddini's Magic Scroll Shoppe.
  1151 | D        | Found Arearit's Assorted Antiques.
  1151 | D        | Found Tobleavuan's General Store.
  1178 | D        | Bought a scroll of butterflies for 48 gold pieces
  1178 | D        | Bought a scroll of fear for 48 gold pieces
  1201 | D        | Noticed a centaur warrior
  1220 | D        | Killed a centaur warrior
  1220 | D        | Noticed a centaur warrior
  1221 | D        | Reached skill level 1 in Ice Magic
  1225 | D        | Killed a centaur warrior
  1226 | D        | Reached XP level 11. HP: 36/70 MP: 11/29
  1408 | D        | Noticed an oklob plant
  1414 | D        | Killed an oklob plant
  1415 | D        | Reached skill level 5 in Fighting
  1569 | D        | Received a gift from Sif Muna
  1651 | D        | Learned a level 5 spell: Freezing Cloud
  1661 | D        | Received a gift from Sif Muna
  1662 | D        | Got Tasku's Codex of Topomancy and Contamination {god gift}
  1736 | D        | Learned a level 4 spell: Sticky Flame
  1947 | D        | Received a gift from Sif Muna
  1964 | D        | Found Ecousogg's Magic Scroll Shoppe.
  1966 | D        | Found Erhyzemo's Antique Weapon Boutique.
  1967 | D        | Found Mohes's Armour Boutique.
  1967 | D        | Found Qaeph's Weapon Emporium.
  1968 | D        | Found Peurgh's Assorted Antiques.
  1974 | D        | Identified the +0 chain mail of Eternity {rPois Str-4
                  | Int+6}
  2002 | D        | Found Liudasu's Antique Weapon Shop.
  2009 | D        | Found Merausel's Assorted Antiques.
  2009 | D        | Found Zeosch's Antique Armour Shop.
  2009 | D        | Found Yggys's Weapon Shoppe.
  2009 | D        | Found Xuumieg's Assorted Antiques.
  2009 | D        | Found Muguuf's Distillery.
  2009 | D        | Found Zoet's Armour Shop.
  2009 | D        | Found Pyemecug's Magic Scroll Shoppe.
  2011 | D        | Bought a smoking mace for 160 gold pieces
  2011 | D        | Identified the +11 mace "Xeuhatz" {flame, Int+4} (You
                  | bought it in a shop in the Dungeon)
  2014 | D        | Found Burchu's Weapon Boutique.
  2026 | D        | Bought a brightly glowing buckler for 237 gold pieces
  2026 | D        | Identified the +0 buckler of Pafot {rN+ Str+4} (You bought
                  | it in a shop in the Dungeon)
  2109 | D        | Noticed a demonic crawler
  2109 | D        | Noticed a demonic crawler
  2109 | D        | Noticed a demonic crawler
  2109 | D        | Noticed a demonic crawler
  2116 | D        | Learned a level 3 spell: Hailstorm
  2128 | D        | Slain by a demonic crawler

Illustrated notes

Levels and vault maps discovered:
D:        dungeon_sprint_1 [red_sonja_temple_1, red_sonja_temple_small_1]

Skill      XL: |  1  2  3  4  5  6  7  8  9 10 11 |
---------------+----------------------------------+-----
Stealth        | 3 4 5 6 |  6.0
Spellcasting   | 3 5 7 8 9 11 12 14 | 14.8
Conjurations   | 2 3 4 5 6 7 9 |  9.7
Fire Magic     | 4 6 8 9 10 12 13 14 | 14.3
Dodging        | 3 4 5 |  5.9
Summonings     | 2 3 |  3.0
Air Magic      | 2 3 5 |  5.0
Poison Magic   | 2 3 |  3.0
Invocations    | 2 4 7 9 |  9.7
Fighting       | 1 4 6 |  6.0
Hexes          | 2 3 |  3.0
Throwing       | 1 |  1.2
Ice Magic      | 2 4 |  4.1
Short Blades   | |  0.1

Action                     |  1- 3 |  4- 6 |  7- 9 | 10-12 || total
---------------------------+-------+-------+-------+-------++-------
  Melee: Unarmed           |     3 |       |       |       ||     3
         Tentacles         |     1 |       |     1 |     3 ||     5
         Halberd           |       |       |     2 |       ||     2
         Constrict         |       |       |     1 |     2 ||     3
         Dagger            |       |       |       |     9 ||     9
  Throw: Dart              |       |       |     2 |     1 ||     3
   Cast: Foxfire           |     5 |     6 |     7 |    13 ||    31
         Scorch            |     2 |     3 |    14 |    35 ||    54
         Mephitic Cloud    |       |       |     3 |     1 ||     4
         Flame Wave        |       |       |     5 |     5 ||    10
         Inner Flame       |       |       |     4 |     5 ||     9
         Call Imp          |       |       |     3 |     8 ||    11
         Summon Lightning  |       |       |       |     5 ||     5
         Freezing Cloud    |       |       |       |     4 ||     4
         Hailstorm         |       |       |       |     3 ||     3
         Sticky Flame      |       |       |       |     2 ||     2
         Frozen Ramparts   |       |       |       |     2 ||     2
 Invoke: Channel Magic     |       |       |     1 |       ||     1
    Use: Potion            |     1 |       |       |     1 ||     2
   Stab: Sleeping          |       |       |       |     2 ||     2
         Confused          |       |       |       |     1 ||     1
 Armour: Skin              |     1 |     1 |     8 |    27 ||    37
  Dodge: Dodged            |     1 |       |     3 |    24 ||    28

Table legend: (Time is in decaauts)
 A = Elapsed time spent in this place.
 B = Non-inter-level travel time spent in this place.
 C = Inter-level travel time spent in this place.
 D = Time resting spent in this place.
 E = Time spent auto-exploring this place.
 F = Levels seen in this place.
 G = Mean time per level.
                   A        B        C        D        E       F      G
               +--------+--------+--------+--------+--------+-----+--------+
         Total |   2136 |   2136 |      0 |   1049 |    166 |   1 | 2136.0 |
       Dungeon |   2136 |   2136 |      0 |   1049 |    166 |   1 | 2136.0 |
               +--------+--------+--------+--------+--------+-----+--------+

Top non-repeatable levels by time:
       D: 2136 daAuts
